 Dungeon Crawl Stone Soup version 0.24.0-13-gcf9b3192b9 (webtiles) character file.

Game seed: 10511561837455107297, levelgen mode: deterministic

15542 Masnef the Covert (level 12, -4/101 HPs)
             Began as a Red Draconian Enchanter on Nov 6, 2019.
             Was an Elder of Vehumet.
             Slain by an eight-headed hydra (8 damage)
             ... on level 1 of the Lair of Beasts on Nov 7, 2019.
             The game lasted 01:02:54 (19173 turns).

Masnef the Covert (Red Draconian Enchanter)        Turns: 19173, Time: 01:02:55

Health: -4/101     AC: 14    Str: 12    XL:     12   Next: 2%
Magic:  0/18       EV: 15    Int: 19    God:    Vehumet [****..]
Gold:   523        SH:  0    Dex: 12    Spells: 6/19 levels left

rFire    + + .     SeeInvis .   l - +2 dagger (speed)
rCold    . . .     Gourm    .   (no shield)
rNeg     . . .     Faith    .   (armour unavailable)
rPois    .         Spirit   +   A - +2 hat {MR+}
rElec    .         Reflect  .   K - +2 cloak
rCorr    .         Harm     .   u - +0 pair of gloves
MR       ++...                  (no boots)
Stlth    ++++......             H - amulet of guardian spirit
HPRegen  0.26/turn              x - ring of protection from magic
MPRegen  0.16/turn              y - ring of protection from fire

@: short of breath
A: breathe fire, unfitting armour, fire resistance 1, cold-blooded, AC +8
a: Breathe Fire, Renounce Religion


You were on level 1 of the Lair of Beasts.
You worshipped Vehumet.
Vehumet was greatly pleased with you.
You were hungry.

You visited 3 branches of the dungeon, and saw 13 of its levels.

You collected 658 gold pieces.
You spent 135 gold pieces at shops.

Inventory:

Hand Weapons
 a - a +1 dagger
 l - a +2 dagger of speed (weapon)
Missiles
 j - 240 arrows
Armour
 u - a +0 pair of gloves (worn)
 A - a +2 hat of magic resistance (worn)
 K - a +2 cloak (worn)
Jewellery
 x - a ring of protection from magic (left hand)
 y - a ring of protection from fire (right hand)
 H - an amulet of guardian spirit (around neck)
Wands
 g - a wand of flame (14)
 w - a wand of enslavement (12)
 F - a wand of polymorph (12)
 G - a wand of acid (6)
 I - a wand of paralysis (16)
 N - a wand of random effects (19)
Scrolls
 d - 6 scrolls of teleportation
 e - a scroll of fear {unknown}
 f - a scroll of fog
 h - a scroll of identify
 i - a scroll of random uselessness {unknown}
 m - a scroll of blinking {unknown}
 n - a scroll of enchant weapon
 o - a scroll of magic mapping
 p - 4 scrolls of remove curse
 q - a scroll of torment {unknown}
 s - a scroll of enchant armour
 B - a scroll of immolation {unknown}
 E - 3 scrolls of vulnerability
Potions
 b - 6 potions of curing
 r - 2 potions of berserk rage
 t - 2 potions of haste
 v - 3 potions of cancellation
 z - 2 potions of flight
 C - a potion of mutation
 D - 3 potions of heal wounds
 J - 2 potions of lignification
Comestibles
 c - 15 rations


   Skills:
 + Level 7.7 Fighting
 + Level 7.8 Short Blades
 + Level 6.8 Dodging
 * Level 8.9 Stealth
 - Level 4.0 Spellcasting
 * Level 7.6 Conjurations
 - Level 7.0 Hexes
 * Level 6.6 Fire Magic
 - Level 0.5 Ice Magic


You had 6 spell levels left.
You knew the following spells:

 Your Spells              Type           Power        Failure   Level  Hunger
a - Corona                Hex            ####...      1%          1    None
b - Ensorcelled Hibernat  Hex/Ice        ###...       4%          2    ##.....
c - Confuse               Hex            ####....     2%          3    ###....
d - Dazzling Spray        Conj/Hex       ####..       1%          3    ###....
e - Throw Flame           Conj/Fire      ####..       1%          2    ##.....
f - Blink                 Tloc           N/A          21%         2    ##.....

Your spell library contained the following spells:

 Spells                   Type           Power        Failure   Level  Hunger
 Airstrike                Air            #.........   32%         4    ####...
 Magic Dart               Conj           ####         1%          1    None
 Slow                     Hex            ####....     1%          2    ##.....
 Conjure Flame            Conj/Fire      ####....     1%          3    ###....
 Tukima's Dance           Hex            ####....     2%          3    ###....
 Mephitic Cloud           Conj/Pois/Air  ##......     4%          3    ###....
 Call Imp                 Summ           #.......     21%         2    ##.....


Dungeon Overview and Level Annotations

Branches:
Dungeon (11/15)            Temple (1/1) D:4            Lair (1/6) D:8
    Orc (0/2) D:11

Altars:
Ashenzari
Cheibriados
Dithmenos
Elyvilon
Fedhas
Gozag
Hepliaklqana
Kikubaaqudgha
Makhleb
Nemelex Xobeh
Okawaru
Qazlal
Ru
Sif Muna
Trog
Uskayaw
Vehumet
Wu Jian
Xom
Yredelemnul
Zin
The Shining One

Shops:
D:6 *   D:10 :   D:11 *

Annotations:
D:6 2 runed translucent doors


Innate Abilities, Weirdness & Mutations

You can breathe blasts of fire.
Your fiery red scales are hard. (AC +8)
You cannot fit into any form of body armour.
Your flesh is heat resistant. (rF+)
You are cold-blooded and may be slowed by cold attacks.


Message History

* * * LOW HITPOINT WARNING * * *
The eight-headed hydra bites you!
* * * LOW HITPOINT WARNING * * *
The eight-headed hydra closely misses you.
The eight-headed hydra misses you.
The eight-headed hydra bites you but does no damage.
The eight-headed hydra misses you.
Evoke which item? (* to show all) (? for menu, Esc to quit)
Aiming: Corrosive Bolt
Press: ? - help, Shift-Dir - straight line, f/p - eight-headed hydra
Aim: an eight-headed hydra (severely wounded)
The bolt of acid hits the eight-headed hydra!
The eight-headed hydra is splashed with acid.
The acid corrodes the eight-headed hydra!
The eight-headed hydra is almost dead.
The eight-headed hydra closely misses you.
The eight-headed hydra misses you.
The eight-headed hydra barely misses you.
The eight-headed hydra bites you!
You die...

...#.......P#...##.>..P≈♣≈
#.....#......##...#.....#≈♣
.....#PPPP....#...#.....# ♣
# ....P≈≈≈≈..+....##....#≈♣
##.≈≈≈♣≈≈≈≈P#...##.....♣♣
#≈PP♣♣♣♣≈P.######......♣♣ .
.P≈P ♣P≈..#.#P##.......≈
... PP ♣P≈...............P
...PP ♣PP☼..D@<..........
..... P♣≈P................
##.##
≈≈≈P≈P.............### #.
.≈P.P..............#
..##.....#+#.#.##...# .
#...... .....#...#
#.....#......#....
#.............. .# #....
......P..


You could see an eight-headed hydra.

Vanquished Creatures
  Gastronok (Lair:1)
  Erolcha (D:11)
  3 two-headed ogres
  An unseen horror (D:11)
  The ghost of Teror the Scholar of Death, a novice DsNe of Kikubaaqudgha (D:6)
  A cyclops (D:11)
  Maurice (D:11)
  2 spiny frogs (Lair:1)
  Joseph (D:9)
  A hornet (D:10)
  Grinder (D:3)
  2 hippogriffs
  A shadow (D:11)
  A spriggan (D:9)
  7 yaks
  A basilisk (D:7)
  Menkaure (D:5)
  4 orc warriors
  5 ice beasts
  3 sky beasts
  An eye of draining (D:11)
  A black bear (D:11)
  4 ogres
  4 phantoms
  8 centaurs
  2 necrophages (D:9)
  3 wolves (Lair:1)
  A crocodile (D:8)
  2 big kobolds
  A gnoll sergeant (D:7)
  9 bullfrogs
  3 scorpions
  11 killer bees (D:9)
  7 howler monkeys
  4 electric eels (Lair:1)
  A bullfrog zombie (D:8)
  6 crimson imps
  2 hounds
  4 jellies
  10 orc priests
  A bullfrog skeleton (D:9)
  A centaur skeleton (D:9)
  3 iguanas
  5 worker ants
  7 orc wizards
  A hound skeleton (D:11)
  4 gnolls (D:7)
  12 adders
  3 shadow imps
  An ooze (D:3)
  2 adder zombies
  An adder skeleton (D:5)
  2 worms (D:2)
  2 dart slugs
  12 leopard geckos
  50 orcs
  A ball python (D:3)
  8 bats
  5 giant cockroaches
  3 goblins
  11 hobgoblins
  4 jackals (D:2)
  2 quokkas
  6 frilled lizards
  25 kobolds
  A quokka skeleton (D:7)
  5 rats
  2 plants (Lair:1)
303 creatures vanquished.

Vanquished Creatures (others)
  An orc priest (D:10)
  An orc wizard (D:4)
  3 fungi
  2 plants
7 creatures vanquished.

Grand Total: 310 creatures vanquished

Notes
Turn   | Place    | Note
-------+----------+-------------------------------------------
     0 | D:1      | Masnef the Draconian Enchanter began the quest for the Orb.
     0 | D:1      | Reached XP level 1. HP: 14/14 MP: 3/3
   117 | D:1      | Reached XP level 2. HP: 13/20 MP: 5/5
   404 | D:1      | Reached skill level 3 in Stealth
   673 | D:1      | Reached XP level 3. HP: 20/26 MP: 6/6
  1393 | D:2      | Reached XP level 4. HP: 12/34 MP: 5/7
  1412 | D:2      | Learned a level 2 spell: Ensorcelled Hibernation
  1416 | D:2      | Learned a level 3 spell: Confuse
  2443 | D:3      | Noticed an ogre
  2473 | D:2      | Reached skill level 1 in Fighting
  2481 | D:2      | Killed an ogre
  2481 | D:2      | Reached XP level 5. HP: 41/41 MP: 1/8
  2758 | D:3      | Reached skill level 4 in Stealth
  3030 | D:3      | Found a sparkling altar of Nemelex Xobeh.
  3300 | D:3      | Reached XP level 6. HP: 27/50 MP: 6/9
  3593 | D:3      | Noticed Grinder
  3608 | D:3      | Killed Grinder
  3615 | D:3      | Learned a level 3 spell: Dazzling Spray
  3669 | D:3      | Noticed an orc warrior
  5345 | D:3      | Killed an orc warrior
  5345 | D:3      | Your scales start taking on a fiery red colour.
  5345 | D:3      | Reached XP level 7. HP: 49/57 MP: 2/10
  5345 | D:3      | Gained mutation: Your flesh is heat resistant. (rF+) [Red
                  | Draconian growth]
  5616 | D:4      | Found a staircase to the Ecumenical Temple.
  5632 | Temple   | Entered the Ecumenical Temple
  5821 | D:4      | Reached skill level 1 in Conjurations
  6784 | D:5      | Entered Level 5 of the Dungeon
  6784 | D:5      | Found an opulent altar of Gozag.
  6784 | D:5      | Found a hide-covered altar of Uskayaw.
  6784 | D:5      | Found an ornate altar of the Wu Jian Council.
  6784 | D:5      | Found a glowing golden altar of the Shining One.
  6784 | D:5      | Found a stormy altar of Qazlal.
  6784 | D:5      | Found a shadowy altar of Dithmenos.
  6784 | D:5      | Found a shimmering blue altar of Sif Muna.
  6784 | D:5      | Found a radiant altar of Vehumet.
  6787 | D:5      | Reached skill level 5 in Stealth
  6801 | D:5      | Became a worshipper of Vehumet
  7023 | D:5      | Noticed Menkaure
  7026 | D:5      | Killed Menkaure
  7026 | D:5      | Reached XP level 8. HP: 66/66 MP: 11/11
  7258 | D:5      | Reached skill level 5 in Short Blades
  8240 | D:6      | Reached skill level 5 in Hexes
  8426 | D:6      | Found Affiomewn's Assorted Antiques.
  8449 | D:6      | Reached skill level 5 in Fighting
  8791 | D:6      | Found a runed translucent door.
  8792 | D:6      | Found a runed translucent door.
  8802 | D:6      | Reached * piety under Vehumet
  8802 | D:6      | Offered knowledge of Magic Dart by Vehumet.
  8856 | D:6      | Bought a potion of heal wounds for 135 gold pieces
  9221 | D:6      | Reached XP level 9. HP: 45/74 MP: 8/12
  9431 | D:6      | Found a shimmering blue altar of Sif Muna.
  9642 | D:6      | Found a runed translucent door.
  9649 | D:6      | Noticed Teror's ghost (novice DsNe)
  9652 | D:6      | Reached skill level 6 in Stealth
 10075 | D:6      | Killed Teror's ghost
 10075 | D:6      | Reached skill level 5 in Dodging
 10603 | D:7      | Found a shattered altar of Ashenzari.
 11464 | D:8      | Found a staircase to the Lair.
 11494 | D:8      | Reached ** piety under Vehumet
 11762 | D:8      | Offered knowledge of Sting by Vehumet.
 12152 | D:7      | Reached XP level 10. HP: 68/83 MP: 3/14
 12719 | D:8      | Noticed a two-headed ogre
 13302 | D:8      | Killed a two-headed ogre
 13602 | D:8      | Offered knowledge of Throw Flame by Vehumet.
 13606 | D:8      | Learned a level 2 spell: Throw Flame
 13830 | D:9      | Reached skill level 5 in Conjurations
 13876 | D:9      | Reached skill level 1 in Fire Magic
 13994 | D:9      | Noticed Joseph
 14007 | D:9      | Killed Joseph
 14007 | D:9      | Reached skill level 7 in Stealth
 14055 | D:9      | Reached *** piety under Vehumet
 14738 | D:10     | Entered Level 10 of the Dungeon
 14738 | D:10     | Noticed a two-headed ogre
 14785 | D:10     | Offered knowledge of Throw Icicle by Vehumet.
 15254 | D:10     | Found Etaogg's Book Boutique.
 15390 | D:10     | Killed a two-headed ogre
 15390 | D:10     | Reached XP level 11. HP: 67/91 MP: 4/16
 15765 | D:11     | Reached **** piety under Vehumet
 15929 | D:11     | Found Xesogul's General Store.
 16065 | D:11     | Noticed Erolcha
 16117 | D:11     | Noticed Maurice
 16133 | D:11     | Killed Erolcha
 16133 | D:11     | Reached skill level 8 in Stealth
 16317 | D:11     | Killed Maurice
 16572 | D:11     | Offered knowledge of Airstrike by Vehumet.
 16632 | D:11     | Noticed a purple ugly thing
 17095 | D:11     | Reached skill level 5 in Fire Magic
 17357 | D:11     | Killed an unseen horror
 17425 | D:11     | Noticed a two-headed ogre
 17444 | D:11     | Killed a two-headed ogre
 17658 | D:11     | Found a staircase to the Orcish Mines.
 18057 | Lair:1   | Entered Level 1 of the Lair of Beasts
 18140 | D:8      | Learned a level 2 spell: Blink
 18844 | Lair:1   | Noticed Gastronok
 18849 | Lair:1   | Noticed an eight-headed hydra
 18875 | Lair:1   | Killed Gastronok
 18875 | Lair:1   | Reached XP level 12. HP: 54/101 MP: 3/18
 19172 | Lair:1   | HP: 4/101 [eight-headed hydra (12)]
 19173 | Lair:1   | Slain by an eight-headed hydra

Levels and vault maps discovered:
D:1:      minmay_arrival_shattered_statue, layout_basic,
          minmay_indecisive_spiral
D:2:      layout_basic, first_ration
D:3:      layout_rooms, nemelex_altar_shiori, uniq_grinder
D:4:      layout_basic, temple_fountains, roderic_serpentine_path,
          minmay_misc_feat_square
D:5:      wad_lake_hut, layout_basic, grunt_temple_overflow_open,
          chequers_avenue, minmay_pentangle, uniq_menkaure
D:6:      lemuel_insect_pit, layout_basic, serial_shops,
          nicolae_shop_statue_plus, basic_altar, ebering_ghost_reflecting_pool,
          minmay_misc_feat_alley
D:7:      layout_gridville, nicolae_overflow_crystal_walls
D:8:      layout_loops_ring, david_lair_generic
D:9:      layout_cave_pools, grunt_pizzeria, uniq_joseph
D:10:     layout_rooms, serial_shops, kennysheep_mini
D:11:     layout_basic, hiddenorc1_lemuel, serial_shops, kennysheep_mini_moat,
          uniq_maurice, uniq_erolcha
Temple:   minmay_temple_bridge_abc
Lair:1:   layout_regular_city, serial_bayou, serial_bayou_shore_b,
          serial_bayou_pond_d, serial_bayou_pond_c, serial_bayou_shore_b,
          serial_bayou_lake_a, serial_bayou_shore_b,
          nicolae_lair_grove_arrangements, uniq_gastronok

Skill      XL: |  1  2  3  4  5  6  7  8  9 10 11 |
---------------+----------------------------------+-----
Short Blades   | 2 3 4 5 6 7 |  7.8
Stealth        | 3 4 5 6 7 8 |  8.9
Dodging        | 2 3 4 5 6 |  6.8
Fighting       | 1 2 3 4 5 6 7 |  7.7
Hexes          | 4 5 6 7 |  7.0
Conjurations   | 1 4 6 7 |  7.6
Spellcasting   | 3 4 |  4.0
Fire Magic     | 3 6 |  6.6
Ice Magic      | |  0.5

Action                   |  1- 3 |  4- 6 |  7- 9 | 10-12 || total
-------------------------+-------+-------+-------+-------++-------
Melee: Dagger            |   171 |   334 |   743 |   642 ||  1890
       Tailslap          |     8 |    44 |    86 |    67 ||   205
 Cast: Corona            |     1 |       |     1 |     1 ||     3
       Ensorcelled Hiber |       |     7 |    30 |    51 ||    88
       Confuse           |       |    15 |    47 |    73 ||   135
       Dazzling Spray    |       |       |    14 |    36 ||    50
       Throw Flame       |       |       |       |    16 ||    16
       Blink             |       |       |       |     1 ||     1
 Abil: Breathe Fire      |       |       |    16 |     9 ||    25
Evoke: Wand              |       |     1 |     5 |    15 ||    21
  Use: Potion            |       |     1 |     1 |       ||     2
       Scroll            |       |       |    12 |     6 ||    18
 Stab: Sleeping          |     4 |     3 |    17 |    40 ||    64
       Confused          |       |     8 |    23 |    40 ||    71
       Invisible         |       |       |     2 |     8 ||    10
       Distracted        |       |       |       |     3 ||     3
  Eat: Chunk             |     1 |    11 |    24 |    29 ||    65
       Ration            |       |     1 |     3 |     2 ||     6
Armor: Skin              |    62 |    52 |   141 |   146 ||   401
Dodge: Dodged            |   142 |   155 |   315 |   346 ||   958
